 Dungeon Crawl Stone Soup version 0.26-a0-712-ga5a9c9c9d0 (webtiles) character file.

Game seed: 8754853351096096425

746 FrothyCoffee the Sneak (level 7, -2/62 HPs)
             Began as a Naga Transmuter on Nov 10, 2020.
             Was an Initiate of Cheibriados.
             Killed from afar by a white imp (4 damage)
             ... with a puff of frost
             ... on level 5 of the Dungeon.
             The game lasted 00:26:06 (5880 turns).

FrothyCoffee the Sneak (Naga Transmuter)            Turns: 5880, Time: 00:26:06

Health: -2/62      AC:  5    Str: 14    XL:     7   Next: 77%
Magic:  10/12      EV:  6    Int: 15    God:    Cheibriados [......]
Gold:   260        SH:  7    Dex: 13    Spells: 9/12 levels left

rFire    . . .     SeeInvis +   a - +3 short sword (venom)
rCold    . . .     Faith    .   H - +0 kite shield
rNeg     + . .     Spirit   .   d - +0 ring mail
rPois    +         Reflect  .   i - +0 helmet (curse)
rElec    .         Harm     .   (no cloak)
rCorr    .         Rampage  .   (no gloves)
MR       .....                  (no barding)
Stlth    +.........             f - amulet of the acrobat
HPRegen  0.20/turn              g - ring of positive energy
MPRegen  0.13/turn              E - ring of attention (curse)

@: wereblooded, very slow
A: large, see invisible, deformed body, poison resistance, slowness 2, spit
poison 1, AC +2
a: Spit Poison, Bend Time, Renounce Religion


You were on level 5 of the Dungeon.
You worshipped Cheibriados.
Cheibriados was noncommittal.
You visited 2 branches of the dungeon, and saw 6 of its levels.

You collected 260 gold pieces.

Inventory:

Hand Weapons
 a - a +3 short sword of venom (weapon)
 b - a +0 hunting sling
 z - a +0 dagger of freezing
 C - a +2 vorpal flail
 G - a +0 morningstar of draining
Missiles
 v - 148 stones (quivered)
Armour
 d - a +0 ring mail (worn)
 i - a cursed +0 helmet (worn)
 p - a +0 robe
 w - a +0 cloak of preservation
 A - a +0 helmet
 H - a +0 kite shield (worn)
Jewellery
 f - an amulet of the acrobat (around neck)
 g - a ring of positive energy (left hand)
 s - an uncursed amulet of guardian spirit
 x - an uncursed ring of flight {unknown}
 E - a cursed ring of attention (right hand)
Wands
 B - a wand of digging (5)
Scrolls
 e - a scroll of teleportation
 k - 2 scrolls of enchant weapon
 m - 2 scrolls of magic mapping
Potions
 c - a potion of lignification {unknown}
 h - 2 potions of might
 l - 2 potions of heal wounds
 o - a potion of invisibility
 u - 2 potions of flight
 F - 3 potions of curing
 I - a potion of cancellation {unknown}


   Skills:
 + Level 3.3 Fighting
 - Level 2.2 Short Blades
 - Level 1.5 Dodging
 + Level 4.8 Stealth
 + Level 1.0 Shields
 + Level 4.4 Unarmed Combat
 + Level 3.4 Spellcasting
 * Level 4.4 Transmutations


You had 9 spell levels left.
You knew the following spells:

 Your Spells              Type           Power        Failure   Level
a - Beastly Appendage     Tmut           ###...       36%         1
b - Wereblood             Tmut           ###.....     50%         2

Your spell library contained the following spells:

 Spells                   Type           Power        Failure   Level
 Spider Form              Tmut/Pois      #.........   95%         3
 Ice Form                 Ice/Tmut       #.......     100%        4
 Blade Hands              Tmut           ###.......   100%        5


Dungeon Overview and Level Annotations

Branches:
Dungeon (5/15)             Temple (1/1) D:4

Altars:
Ashenzari
Cheibriados
Dithmenos
Elyvilon
Fedhas
Gozag
Hepliaklqana
Kikubaaqudgha
Ru
Sif Muna
Uskayaw
Wu Jian
Yredelemnul
Zin
The Shining One

Annotations:
D:3 3 runed translucent doors, Asymodius's ghost, amateur OgFi


Innate Abilities, Weirdness & Mutations

You cannot wear boots.
Your serpentine skin is tough. (AC +2)
You have supernaturally acute eyesight. (SInv)
Armour fits poorly on your strangely shaped body.
Your system is resistant to poisons. (rPois)
You cover ground very slowly.
You can spit poison.


Message History

You hit the white imp.
The white imp is moderately wounded.
The bullfrog skeleton hits you.
* * * LOW HITPOINT WARNING * * *
The white imp gestures at you. The puff of frost hits you!
* * * LOW HITPOINT WARNING * * *
You hit the white imp.
The white imp is poisoned.
The white imp is severely wounded.
The bullfrog skeleton completely misses you.
The white imp gestures at you. The puff of frost hits you.
* * * LOW HITPOINT WARNING * * *
The bullfrog skeleton barely misses you.
You barely miss the white imp.
The white imp is almost dead.
You block the bullfrog skeleton's attack.
The white imp gestures at you. The puff of frost hits you.
You die...

###.##...##.......#
#'##'####.......# .
#......##.......#
..
#...............#
...
#.........<†....#
...
#...............#
#..
#....#######....#
##...##....# ######
#....5@....#
#....Z.....#
#..........#
#..........#
##...#.....#
#####.....# #.#####
###


You could see a white imp (very poisoned) and a bullfrog skeleton.

Vanquished Creatures
  Grinder (D:4)
  Edmund (D:4)
  An ogre (D:5)
  A hound (D:5)
  Crazy Yiuf (D:2)
  2 orc priests
  2 orc wizards
  A worker ant zombie (D:2)
  6 adders
  A white imp (D:3)
  An ooze (D:1)
  A worm (D:2)
  3 leopard geckos
  16 orcs
  3 ball pythons
  3 giant cockroaches
  10 goblins
  6 hobgoblins
  6 jackals (D:1)
  6 bats
  3 frilled lizards
  A jackal skeleton (D:3)
  A jackal zombie (D:3)
  5 kobolds
  11 rats
93 creatures vanquished.

Vanquished Creatures (others)
  3 fungi (D:2)
3 creatures vanquished.

Grand Total: 96 creatures vanquished

Notes
Turn   | Place    | Note
-------+----------+-------------------------------------------
     0 | D:1      | FrothyCoffee the Naga Transmuter began the quest for the
                  | Orb.
     0 | D:1      | Reached XP level 1. HP: 18/18 MP: 3/3
   143 | D:1      | Reached XP level 2. HP: 16/25 MP: 5/5
   581 | D:1      | Reached skill level 1 in Stealth
   605 | D:1      | Reached XP level 3. HP: 11/32 MP: 3/6
  1158 | D:1      | Found a glowing golden altar of the Shining One.
  1403 | D:1      | Learned a level 2 spell: Wereblood
  1827 | D:2      | Reached XP level 4. HP: 39/39 MP: 7/7
  1884 | D:2      | Reached skill level 1 in Short Blades
  2450 | D:2      | Found a runed translucent door.
  2451 | D:2      | Noticed Crazy Yiuf
  2564 | D:2      | Killed Crazy Yiuf
  2564 | D:2      | Reached XP level 5. HP: 38/45 MP: 4/8
  3459 | D:3      | Noticed Asymodius's ghost (amateur OgFi)
  3467 | D:3      | Found a runed translucent gate.
  3467 | D:3      | Found a runed translucent gate.
  3469 | D:3      | Found a runed translucent gate.
  3768 | D:3      | Reached XP level 6. HP: 55/55 MP: 10/10
  3908 | D:4      | Noticed Edmund
  3925 | D:4      | Killed Edmund
  3973 | D:4      | Found a shadowy altar of Dithmenos.
  4177 | D:4      | Found a staircase to the Ecumenical Temple.
  4191 | Temple   | Entered the Ecumenical Temple
  4625 | Temple   | Became a worshipper of Cheibriados the Contemplative
  5111 | D:4      | Found a broken altar of Ashenzari.
  5124 | D:4      | Reached XP level 7. HP: 56/61 MP: 6/11
  5165 | D:4      | Noticed Grinder
  5175 | D:4      | Paralysed by Grinder for 7 turns
  5189 | D:4      | Paralysed by Grinder for 3 turns
  5193 | D:4      | Killed Grinder
  5764 | D:5      | Entered Level 5 of the Dungeon
  5875 | D:5      | Reached skill level 1 in Shields
  5879 | D:5      | HP: 2/62 [white imp/puff of frost (4)]
  5880 | D:5      | Killed from afar by a white imp

Illustrated notes

Levels and vault maps discovered:
D:1:      kennysheep_arrival_seaside, layout_basic, corner_web_ring, tso_altar
D:2:      layout_loops_corners, uniq_crazy_yiuf_cottage
D:3:      layout_loops_ring, gammafunk_ghost_split
D:4:      layout_loops_ring, ashenzari_altar_1, nicolae_dithmenos_the_darkroom,
          minmay_temple_entry_proselytizer, uniq_edmund, uniq_grinder
D:5:      layout_gridville, uniq_duvessa
Temple:   minmay_temple_forest_path

Skill      XL: |  1  2  3  4  5  6  7 |
---------------+----------------------+-----
Stealth        | 1 2 3 4 |  4.8
Fighting       | 2 3 |  3.3
Short Blades   | 1 2 |  2.2
Transmutations | 3 4 |  4.4
Unarmed Combat | 4 |  4.4
Spellcasting   | 3 |  3.4
Shields        | 1 |  1.0
Dodging        | |  1.5

Action                   |  1- 3 |  4- 6 |  7- 9 || total
-------------------------+-------+-------+-------++-------
Melee: Unarmed           |    78 |       |       ||    78
       Headbutt          |     7 |    11 |     1 ||    19
       Punch             |     1 |       |       ||     1
       Short sword       |    20 |   147 |    27 ||   194
 Fire: Hunting sling     |       |     1 |       ||     1
Throw: Stone             |       |       |     1 ||     1
 Cast: Beastly Appendage |    17 |    18 |     1 ||    36
       Wereblood         |       |    12 |     2 ||    14
 Abil: Spit Poison       |     5 |     3 |     1 ||     9
  Use: Scroll            |     5 |     4 |     6 ||    15
 Stab: Sleeping          |     1 |       |       ||     1
Armor: Ring mail         |    35 |    29 |     6 ||    70
Dodge: Dodged            |    59 |    93 |     3 ||   155
Block: Kite shield       |       |     2 |     7 ||     9

Table legend: (Time is in decaauts)
 A = Elapsed time spent in this place.
 B = Non-inter-level travel time spent in this place.
 C = Inter-level travel time spent in this place.
 D = Time resting spent in this place.
 E = Time spent auto-exploring this place.
 F = Levels seen in this place.
 G = Mean time per level.
                   A        B        C        D        E       F      G
               +--------+--------+--------+--------+--------+-----+--------+
         Total |   7532 |   7211 |    321 |   1366 |   4341 |   6 | 1255.3 |
       Dungeon |   6908 |   6665 |    243 |   1266 |   3930 |   5 | 1381.6 |
        Temple |    624 |    546 |     78 |    100 |    411 |   1 |  624.0 |
               +--------+--------+--------+--------+--------+-----+--------+

Top non-repeatable levels by time:
     D:1: 2016 daAuts
     D:4: 1971 daAuts
     D:2: 1548 daAuts
     D:3: 1280 daAuts
  Temple: 624 daAuts
     D:5: 91 daAuts
